 Dungeon Crawl Stone Soup version 0.26.1-11-gd32895ea62 (webtiles) character file.

Game seed: 7466843771829148193

35 ubername the Chiller (level 3, -7/24 HPs)
             Began as a Barachi Ice Elementalist on July 11, 2021.
             Mangled by a gnoll
             ... wielding a +0 spear
              (11 damage)
             ... on level 1 of the Dungeon.
             The game lasted 00:03:49 (843 turns).

ubername the Chiller (Barachi Ice Elementalist)      Turns: 843, Time: 00:03:50

Health: -7/24      AC:  2    Str:  9    XL:     3   Next: 33%
Magic:  3/6        EV: 12    Int: 16    God:
Gold:   20         SH:  0    Dex: 12    Spells: 0/7 levels left

rFire    . . .     SeeInvis .   e - +0 dagger
rCold    . . .     Faith    .   (no shield)
rNeg     . . .     Spirit   .   a - +0 robe
rPois    .         Reflect  .   g - +0 hat
rElec    .         Harm     .   (no cloak)
rCorr    .         Rampage  .   (no gloves)
Will     .....                  (no boots)
Stlth    ++........             (no amulet)
HPRegen  0.08/turn              (no ring)
MPRegen  0.10/turn              (no ring)

@: frozen ramparts, slow
A: +LOS, swims, slowness 1, strong legs 1
a: Hop


You were on level 1 of the Dungeon.
You visited 1 branch of the dungeon, and saw 1 of its levels.

You collected 20 gold pieces.

Inventory:

Hand Weapons
 e - a +0 dagger (weapon)
Missiles
 c - 4 stones
 f - 8 javelins
 j - 2 poisoned darts (quivered)
Armour
 a - a +0 robe (worn)
 g - a +0 hat (worn)
Jewellery
 i - an uncursed amulet of the acrobat
Scrolls
 b - a scroll of blinking {unknown}
 d - 2 scrolls of identify {unknown}
Potions
 h - a potion of magic {unknown}
 k - a potion of lignification {unknown}


   Skills:
 * Level 1.1 Throwing
 + Level 2.2 Dodging
 + Level 1.7 Stealth
 * Level 2.6 Spellcasting
 * Level 5.5 Ice Magic


You couldn't memorise any spells.
You knew the following spells:

 Your Spells              Type           Power        Failure   Level
a - Freeze                Ice            76%          1%          1
b - Frozen Ramparts       Ice            38%          6%          3
c - Ozocubu's Armour      Ice            19%          6%          3

Your spell library contained the following spells:

 Spells                   Type           Power        Failure   Level
 Hailstorm                Conj/Ice       10%          52%         4
 Summon Ice Beast         Ice/Summ       10%          52%         4


Dungeon Overview and Level Annotations

Branches:
Dungeon (1/15)

Altars:


Innate Abilities, Weirdness & Mutations

You can be seen from farther away. (+LOS)
You can swim through water.
You cover ground slowly.
You can hop short distances.


Message History

The gnoll throws a stone.
The stone hits you!
You see here a stone.
Throw: 3 darts (poison)
Press: ? - help, Q - select action, (/) - cycle Shift-Dir - straight line, f/p - gnoll
Aim: a gnoll, wielding a +0 spear and quivering 8 stones (lightly wounded, poisoned, 60% to hit)
You throw a poisoned dart.
The poisoned dart barely misses the gnoll.
The gnoll throws a stone.
The stone hits you!
You start resting.
The gnoll hits you from afar with a +0 spear.
* * * LOW HITPOINT WARNING * * *
Casting: Frozen Ramparts (quite dangerous; 6% risk of failure)
Confirm with . or Enter, or press ? or * to list all spells.
The spell is quite dangerous to cast (6% risk of failure)!
Continue anyway?
Casting: Frozen Ramparts (quite dangerous; 6% risk of failure)
Press: ? - help, Dir - look around, f - activate The walls around you are covered in ice.
The wall freezes the gnoll.
The gnoll hits you from afar with a +0 spear!
You die...

.#.#.#.##...#.# #.#
....##.##..##.## #.#
.#.###....÷##..# #.#
.......###.###.## #.#
.#.#....##.# #..## #.#
........##.# ##..# #.#
.#.#.((.##.#####.# #.#
.......g#....# #.###.#
.#.#......##.# #@##..#
.............###.##.##
.#.#.....###.((g.##.####
.........#.#.###.......#
.#.#.....##.##.#.......#
.)........#88.##.......#
.†##....##.88#...#)....#
..##....#.##.##.##.....#
........###.#.#.##.....#


You could see a gnoll.

Vanquished Creatures
  An ooze (D:1)
  A dart slug (D:1)
  2 leopard geckos (D:1)
  A ball python (D:1)
  A bat (D:1)
  2 giant cockroaches (D:1)
  5 goblins (D:1)
  2 hobgoblins (D:1)
  4 kobolds (D:1)
  2 frilled lizards (D:1)
  3 rats (D:1)
24 creatures vanquished.

Notes
Turn   | Place    | Note
-------+----------+-------------------------------------------
     0 | D:1      | ubername the Barachi Ice Elementalist began the quest for
                  | the Orb.
     0 | D:1      | Reached XP level 1. HP: 13/13 MP: 3/3
   154 | D:1      | Reached skill level 5 in Ice Magic
   210 | D:1      | Reached XP level 2. HP: 19/19 MP: 5/5
   480 | D:1      | Reached XP level 3. HP: 12/24 MP: 1/6
   639 | D:1      | Learned a level 3 spell: Frozen Ramparts
   643 | D:1      | Learned a level 3 spell: Ozocubu's Armour
   686 | D:1      | Reached skill level 1 in Throwing
   843 | D:1      | Mangled by a gnoll

Illustrated notes

Levels and vault maps discovered:
D:1:      scummos_arrival_checkerplants, layout_rooms, st_stairs_13,
          minmay_heptomino_o4

Skill      XL: |  1  2  3 |
---------------+----------+-----
Ice Magic      | 5 |  5.5
Throwing       | 1 |  1.1
Dodging        | |  2.2
Stealth        | |  1.7
Spellcasting   | |  2.6

Action                   || total
-------------------------++-------
Melee: Dagger            ||     8
       Unarmed           ||     1
Throw: Dart              ||    34
       Stone             ||     1
 Cast: Freeze            ||    12
       Frozen Ramparts   ||     4
Armor: Robe              ||     4
Dodge: Dodged            ||    15
